 Dungeon Crawl Stone Soup version 0.26.0-45-g9c1d065592 (webtiles) character file.

Game seed: 12936293625209286995

(classic levelgen) 67 thiole the Magician (level 4, -4/29 HPs)
             Began as an Octopode Hedge Wizard on Jan 31, 2021.
             Slain by a gnoll (8 damage)
             ... on level 2 of the Dungeon.
             The game lasted 00:03:37 (2162 turns).

thiole the Magician (Octopode Hedge Wizard)         Turns: 2162, Time: 00:03:38

Health: -4/29      AC:  1    Str:  9    XL:     4   Next: 18%
Magic:  5/8        EV: 13    Int: 17    God:
Gold:   41         SH:  0    Dex: 11    Spells: 8/9 levels left

rFire    . . .     SeeInvis .   a - +0 dagger
rCold    . . .     Faith    .   (no shield)
rNeg     . . .     Spirit   .   b - +0 hat
rPois    .         Reflect  .   (no amulet)
rElec    .         Harm     .   (no ring)
rCorr    .         Rampage  .   (no ring)
Will     .....                  (no ring)
Stlth    +++.......             (no ring)
HPRegen  0.09/turn              (no ring)
MPRegen  0.11/turn              (no ring)
                                (no ring)
                                (no ring)

@: no status effects
A: almost no armour, stealthy swim, amphibious, 8 rings, constrict 8, camouflage
1, gelatinous body 1
a: no special abilities


You were on level 2 of the Dungeon.
You visited 1 branch of the dungeon, and saw 2 of its levels.

You collected 41 gold pieces.

Inventory:

Hand Weapons
 a - a +0 dagger (weapon)
Armour
 b - a +0 hat (worn)
Jewellery
 f - an uncursed ring of poison resistance {unknown}
Scrolls
 c - 2 scrolls of fear {unknown}
 d - 2 scrolls of identify {unknown}
 e - 2 scrolls of amnesia {unknown}
 h - 2 scrolls of remove curse {unknown}
 i - a scroll of noise {unknown}
 j - a scroll of teleportation {unknown}
Potions
 g - a potion of resistance {unknown}


   Skills:
 - Level 2.0 Fighting
 + Level 2.2 Dodging
 - Level 2.6 Stealth
 - Level 3.0 Spellcasting
 - Level 3.0 Conjurations
 - Level 1.0 Summonings
 - Level 1.0 Translocations


You had 8 spell levels left.
You knew the following spells:

 Your Spells              Type           Power        Failure   Level
a - Magic Dart            Conj           48%          4%          1

Your spell library contained the following spells:

 Spells                   Type           Power        Failure   Level
 Blink                    Tloc           N/A          17%         2
 Call Imp                 Summ           5%           17%         2
 Slow                     Hex            2%           26%         2
 Conjure Flame            Conj/Fire      7%           28%         3
 Gell's Gravitas          Tloc           2%           34%         3
 Mephitic Cloud           Conj/Pois/Air  5%           34%         3
 Confusing Touch          Hex            2%           45%         3
 Petrify                  Tmut/Erth      2%           86%         4
 Metabolic Englaciation   Hex/Ice        1%           99%         5
 Yara's Violent Unravell  Hex/Tmut       1%           99%         5


Dungeon Overview and Level Annotations

Branches:
Dungeon (2/15)

Altars:


Innate Abilities, Weirdness & Mutations

You cannot wear most types of armour.
You are very stealthy in the water. (Stealth+)
You are amphibious.
You can wear up to eight rings at the same time.
You can use your tentacles to constrict eight enemies at once.
Your skin changes colour to match your surroundings (Stealth+).
Your rubbery body absorbs attacks. (AC +1, EV +1)


Message History

Aim: a gnoll, wielding a +1 vampiric spear (severely wounded, constricted by you, 0% to evade)
The magic dart hits the gnoll.
The gnoll is severely wounded.
You constrict the gnoll. The gnoll barely misses you.
The gnoll closely misses you.
Casting: Magic Dart (safe; 5% risk of failure)
Confirm with . or Enter, or press ? or * to list all spells.
Aiming: Magic Dart (safe; 5% risk of failure)
Press: ? - help, Shift-Dir - straight line, f/p - gnoll
Aim: a gnoll, wielding a +1 vampiric spear (almost dead, constricted by you, 0% to evade)
The magic dart hits the gnoll.
The gnoll is almost dead.
You constrict the gnoll.
You kill the gnoll!
The gnoll barely misses you.
Training target 3.0 for Conjurations reached!
Your Conjurations skill increases to level 3!
You need to enable at least one skill for training.
The gnoll hits you!
You die...

#.##..# #..#.##.####..#.#
#.##..###.<#.##.####..##.
#.#..)...................
#.#.#.###.......####).###
##.#.#.###...<...####..###
#....#.........)..........
#.#######.#.....##########
#....#....#..<..#
####.#...@g...###
#.#.######## #...# #####


You could see a gnoll.

Vanquished Creatures
  2 gnolls (D:2)
  2 oozes (D:1)
  2 worms (D:2)
  A leopard gecko (D:1)
  2 giant cockroaches
  3 goblins
  4 hobgoblins
  5 kobolds
  7 bats
  3 rats
31 creatures vanquished.

Notes
Turn   | Place    | Note
-------+----------+-------------------------------------------
     0 | D:1      | thiole the Octopode Hedge Wizard began the quest for the
                  | Orb.
     0 | D:1      | Reached XP level 1. HP: 11/11 MP: 4/4
   167 | D:1      | Reached XP level 2. HP: 17/17 MP: 0/6
   403 | D:1      | Reached skill level 1 in Fighting
   774 | D:1      | Reached XP level 3. HP: 24/24 MP: 4/7
  2053 | D:2      | Reached XP level 4. HP: 29/29 MP: 1/8
  2123 | D:2      | HP: 1/29 [gnoll (1)]
  2162 | D:2      | Slain by a gnoll

Illustrated notes

Levels and vault maps discovered:
D:1:      nzn_arrival_depleted_hourglass, layout_basic, minmay_crystal_room,
          minmay_misc_feat_room
D:2:      layout_loops_ring, nemelex_xobeh_ov_fountains_minmay, uniq_jessica

Skill      XL: |  1  2  3  4 |
---------------+-------------+-----
Conjurations   | 2 3 |  3.0
Fighting       | 1 2 |  2.0
Dodging        | |  2.2
Stealth        | |  2.6
Spellcasting   | |  3.0
Summonings     | |  1.0
Translocations | |  1.0

Action                   |  1- 3 |  4- 6 || total
-------------------------+-------+-------++-------
Melee: Dagger            |    26 |     3 ||    29
       Constrict         |     6 |     1 ||     7
       Tentacles         |     7 |       ||     7
 Cast: Magic Dart        |    86 |     8 ||    94
Armor: Skin              |     3 |       ||     3
Dodge: Dodged            |    23 |     7 ||    30
